 Dungeon Crawl Stone Soup version 0.29.1-15-g9cfb28693d (webtiles) character file.

Game seed: 2539349077200546475

2195 AuftragZ the Thaumaturge (level 9, -10/45 HPs)
             Began as a Deep Elf Conjurer on Apr 12, 2023.
             Was a Believer of Makhleb.
             Killed from afar by a steam dragon (23 damage)
             ... with a ball of steam
             ... on level 7 of the Dungeon.
             The game lasted 00:51:55 (6958 turns).

AuftragZ the Thaumaturge (Deep Elf Conjurer)        Turns: 6958, Time: 00:51:56

Health: -10/45     AC:  7    Str:  4    XL:     9   Next: 12%
Magic:  20/26      EV: 13    Int: 28    God:    Makhleb [**....]
Gold:   160        SH:  5    Dex: 13    Spells: 22/30 levels left

rFire   . . .      SeeInvis +   o - +4 flail (vorpal)
rCold   . . .      Faith    .   (no shield)
rNeg    . . .      Spirit   .   a - +0 robe
rPois   .          Reflect  +   (no helmet)
rElec   +          Harm     .   y - +0 cloak
rCorr   .          Rampage  .   (no gloves)
Will    .....                   n - +2 pair of boots {Fly}
Stlth   ++........              j - amulet of reflection
HPRegen 0.15/turn               g - ring of flight
MPRegen 0.20/turn               q - ring of see invisible

@: flying
A: shaggy fur 1, electricity resistance
a: Renounce Religion, Minor Destruction


You were on level 7 of the Dungeon.
You worshipped Makhleb.
Makhleb was pleased with you.
You visited 1 branch of the dungeon, and saw 8 of its levels.

You collected 340 gold pieces.
You spent 180 gold pieces at shops.

Inventory:

Hand Weapons
 o - a +4 vorpal flail (weapon)
Missiles
 e - 18 poisoned darts (quivered)
Armour
 a - a +0 robe (worn)
 n - a +2 pair of boots of flying (worn)
 y - a +0 cloak (worn)
Magical Staves
 t - a staff of cold
Jewellery
 b - an amulet of the acrobat
 g - a ring of flight (left hand)
 j - an amulet of reflection (around neck)
 q - a ring of see invisible (right hand)
 u - an amulet of faith
Wands
 l - a wand of paralysis (7)
 v - a wand of polymorph (4)
 w - a wand of light (9)
 A - a wand of flame (14)
Scrolls
 d - a scroll of poison
 f - 2 scrolls of blinking
 h - 2 scrolls of teleportation
 i - 2 scrolls of magic mapping
 s - a scroll of fear
Potions
 c - a potion of heal wounds
 k - 3 potions of cancellation
 m - 4 potions of flight
 p - a potion of curing
 r - 3 potions of magic
 x - a potion of resistance {unknown}
 z - a potion of berserk rage {unknown}


   Skills:
 + Level 0.1 Fighting
 + Level 3.6 Dodging
 - Level 2.6 Stealth
 + Level 0.2 Shields
 * Level 11.1 Spellcasting
 * Level 10.2 Conjurations
 - Level 0.1 Ice Magic
 + Level 0.2 Invocations


You had 22 spell levels left.
You knew the following spells:

 Your Spells              Type           Power      Damage    Failure   Level
a - Magic Dart            Conj           100%       1d8       1%          1
b - Searing Ray           Conj           100%       2d8       1%          2
c - Freeze                Ice            64%        1d8       3%          1
d - Iskenderun's Mystic   Conj/Tloc      44%        2d10      4%          4

Your spell library contained the following spells:

 Spells                   Type           Power      Damage    Failure   Level
 Dazzling Flash           Conj/Hex       88%        N/A       1%          3
 Stone Arrow              Conj/Erth      88%        3d12      1%          3
 Sandblast                Erth           30%        2d9       3%          1
 Fulminant Prism          Conj/Hex       22%        3d13      4%          4
 Hailstorm                Conj/Ice       44%        3d10      4%          4
 Passwall                 Tmut/Erth      12%        N/A       5%          2
 Frozen Ramparts          Ice            32%        1d5       10%         3


Dungeon Overview and Level Annotations

Branches:
Dungeon (8/15)             Temple (0/1) D:5
   Lair: D:8-11

Altars:
Ashenzari
Gozag
Hepliaklqana
Makhleb
Trog
Yredelemnul
Zin
The Shining One

Shops:
D:1 (([[   D:5 *[*[


Innate Abilities, Weirdness & Mutations

You are covered in fur. (AC +1)
You are resistant to electric shocks. (rElec)


Message History

You see here 6 poisoned darts.
Enter note:
Aiming: Searing Ray (safe; 1% risk of failure)
Press: ? - help, Shift-Dir - straight line, f/p - steam dragon
Aim: a steam dragon (lightly wounded, 83% to hit)
The searing ray misses the steam dragon. (Press . to maintain the ray.)
The steam dragon bites you but does no damage.
The steam dragon completely misses you.
The searing ray hits the steam dragon!
The steam dragon is moderately wounded.
The steam dragon breathes steam at you. The ball of steam hits you!
* * * LOW HITPOINT WARNING * * *
You feel better.
You are engulfed in a cloud of scalding steam.
The steam dragon bites you.
* * * LOW HITPOINT WARNING * * *
The steam dragon claws you but does no damage.
You are engulfed in a cloud of scalding steam.
The steam dragon misses you. The steam dragon barely misses you.
There is a stone staircase leading down here.
You can't go up here!
You are engulfed in a cloud of scalding steam.
* * * LOW HITPOINT WARNING * * *
You block the steam dragon's attack.
The steam dragon claws you but does no damage.
You fly downwards.
There is a stone staircase leading up here.
The steam dragon bites you!
* * * LOW HITPOINT WARNING * * *
The steam dragon completely misses you.
You fly upwards.
There is a stone staircase leading down here.
You feel better. The steam dragon breathes steam at you.
The ball of steam hits you!!
Ouch! That really hurt!
You die...

....# #####.#.####.# #.#
....# #####.#.....####.#
....#
#######.....##.........#
....#
#...........##.##.######
....#
#####...)..###.##.#
##### #..##..#
#.##.###### ##.#..##
#.##....#.. #)..##
#.#####.#.#
###@.#####.### #.#.#
#.D..........###....
#.#.#####.##.##....#
#.#.# #.##.##.#### ..#.#
#.##.##.##). ##.#.#
#....##.##.# ###.#
#######..... ..# ####..
### ###


You could see a steam dragon (catching breath).

Vanquished Creatures
  Pikel (D:5)
  Sigmund (D:4)
  A water moccasin (D:7)
  An ice beast (D:6)
  2 black bears
  A centaur (D:5)
  2 lemures (D:5)
  A kobold brigand (D:7)
  A bullfrog (D:6)
  3 scorpions
  3 necrophages (D:6)
  A howler monkey (D:4)
  A jelly (D:5)
  A gnoll bouda (D:6)
  5 hounds
  Jessica (D:2)
  3 iguanas
  An orc wizard (D:5)
  11 gnolls
  6 adders
  A white imp (D:6)
  An ufetubus (D:5)
  2 worms (D:2)
  3 dart slugs
  11 orcs
  6 endoplasms
  3 giant cockroaches
  8 hobgoblins
  3 jackals (D:5)
  21 kobolds
  5 quokkas
  8 ball pythons
  5 bats
  2 frilled lizards (D:2)
  6 goblins
  7 rats
139 creatures vanquished.

Notes
Turn   | Place    | Note
-------+----------+-------------------------------------------
     0 | D:1      | AuftragZ the Deep Elf Conjurer began the quest for the Orb.
     0 | D:1      | Reached XP level 1. HP: 10/10 MP: 6/6
    68 | D:1      | Found Wuysedea's Weapon Boutique.
   222 | D:1      | Reached XP level 2. HP: 15/15 MP: 6/8
   308 | D:1      | Found Ceorch's Armour Shop.
   356 | D:1      | Found Lokizify's Armour Boutique.
   384 | D:1      | Learned a level 2 spell: Searing Ray
   386 | D:1      | Learned a level 1 spell: Freeze
   623 | D:1      | Reached skill level 5 in Conjurations
   681 | D:1      | Found a faded altar of an unknown god.
   761 | D:1      | Found Takibeucs's Weapon Shoppe.
  1240 | D:2      | Reached XP level 3. HP: 19/19 MP: 4/9
  1317 | D:2      | Noticed Jessica
  1319 | D:2      | Killed Jessica
  1362 | D:2      | Found a burning altar of Makhleb.
  1364 | D:2      | Gained mutation: You are covered in fur. (AC +1) [potion of
                  | mutation]
  1364 | D:2      | Gained mutation: You are resistant to electric shocks.
                  | (rElec) [potion of mutation]
  1372 | D:2      | Became a worshipper of Makhleb the Destroyer
  1432 | D:2      | Reached XP level 4. HP: 24/24 MP: 7/11
  2168 | D:3      | Reached skill level 4 in Spellcasting
  2537 | D:3      | Found a bloodstained altar of Trog.
  2573 | D:3      | Learned a level 4 spell: Iskenderun's Mystic Blast
  2709 | D:4      | Reached XP level 5. HP: 22/28 MP: 2/14
  2955 | D:4      | Found a broken altar of Ashenzari.
  3067 | D:4      | Reached * piety under Makhleb
  3068 | D:4      | Reached skill level 5 in Spellcasting
  3153 | D:4      | Noticed Sigmund
  3165 | D:4      | Reached XP level 6. HP: 22/32 MP: 10/16
  3167 | D:4      | Killed Sigmund
  3168 | D:4      | Reached skill level 6 in Spellcasting
  3485 | D:4      | Found a glowing silver altar of Zin.
  3702 | D:5      | Entered Level 5 of the Dungeon
  3728 | D:5      | Noticed Pikel
  3737 | D:5      | Killed Pikel
  3738 | D:5      | Reached skill level 8 in Spellcasting
  3738 | D:5      | Reached XP level 7. HP: 27/36 MP: 9/20
  3820 | D:5      | Found Myot's Armour Boutique.
  3835 | D:5      | Found Duomm's Antique Armour Boutique.
  3840 | D:5      | Found Foqop's Assorted Antiques.
  3842 | D:5      | Bought a pair of runed boots for 180 gold pieces
  4205 | D:5      | Found an opulent altar of Gozag.
  4226 | D:5      | Reached XP level 8. HP: 19/41 MP: 17/22
  4419 | D:5      | Found a staircase to the Ecumenical Temple.
  4429 | D:5      | Found Qiummadig's Assorted Antiques.
  4592 | D:5      | Reached skill level 9 in Spellcasting
  4744 | D:5      | Found a faded altar of an unknown god.
  4744 | D:5      | Found a faded altar of an unknown god.
  4744 | D:5      | Found a faded altar of an unknown god.
  4746 | D:5      | Found a hazy altar of Hepliaklqana.
  5206 | D:6      | Reached ** piety under Makhleb
  5387 | D:6      | Reached skill level 10 in Spellcasting
  5473 | D:6      | Identified the +6 rapier of Ryog {freeze, Str+4}
  5820 | D:6      | Found a glowing golden altar of the Shining One.
  6373 | D:7      | Found a basalt altar of Yredelemnul.
  6486 | D:7      | Reached skill level 11 in Spellcasting
  6486 | D:7      | Reached skill level 10 in Conjurations
  6486 | D:7      | Reached XP level 9. HP: 31/45 MP: 19/26
  6958 | D:7      | Killed from afar by a steam dragon

Illustrated notes

Levels and vault maps discovered:
D:1:      dpeg_arrival_erosion, layout_basic, ebering_ecumenical_altar_mist,
          serial_shops, nicolae_shop_competitors_out_of_business, shop,
          nicolae_shop_bloodbath_and_beyond, nicolae_square_shop, minivault_14,
          minmay_misc_feat_columns
D:2:      minmay_wonky_spiral, layout_basic, basic_altar, grunt_ministairs_7,
          dk_vineyard_3, lemuel_flame_loot_1, uniq_jessica
D:3:      layout_rooms, trog_butcher_becter
D:4:      layout_basic, zin_academy, ashenzari_conservatory_becter, uniq_sigmund
D:5:      layout_basic, mainiacjoe_overflow_alcove_2,
          nicolae_hepliaklqana_ecumenical_no_more, minmay_temple_entry_mist,
          serial_shops, shop, shop, nicolae_stop_n_shop_2, nicolae_square_shop,
          uniq_pikel
D:6:      layout_rooms, mainiacjoe_overflow_concentric_impassable,
          minmay_unpleasant_kobolds
D:7:      layout_basic, lemuel_crystal_altar, uniq_crazy_yiuf_cottage
D:8:      layout_loops_ring, chei_slow_surprise, lair_entry_dummy,
          minmay_misc_feat_chi, fountainhead, roderic_serpentine_path,
          uniq_psyche

Skill      XL: |  1  2  3  4  5  6  7  8 |
---------------+-------------------------+-----
Conjurations   | 5 6 8 10 | 10.2
Spellcasting   | 4 5 8 11 | 11.1
Dodging        | 3 |  3.6
Fighting       | |  0.1
Stealth        | |  2.6
Shields        | |  0.2
Ice Magic      | |  0.1
Invocations    | |  0.2

Action                   |  1- 3 |  4- 6 |  7- 9 || total
-------------------------+-------+-------+-------++-------
Throw: Dart              |     1 |       |     1 ||     2
 Cast: Magic Dart        |    36 |    64 |    46 ||   146
       Searing Ray       |     6 |    31 |    50 ||    87
       Freeze            |     2 |       |       ||     2
       Iskenderun's Myst |       |       |     2 ||     2
Invok: Minor Destruction |       |       |     2 ||     2
  Use: Scroll            |     4 |     2 |    12 ||    18
       Potion            |     1 |     1 |     8 ||    10
Armor: Robe              |     1 |     2 |    16 ||    19
Dodge: Dodged            |       |     4 |    32 ||    36
Block: Other             |       |     2 |    13 ||    15
